 Dungeon Crawl Stone Soup version 0.31-a0-971-g75a2e9a4b4 (webtiles) character file.

Game seed: 1675037308730955542

788 Xavori the Trooper (level 8, -7/51 (58) HPs)
             Began as a Djinni Chaos Knight on Oct 29, 2023.
             Was a Plaything of Xom.
             Killed by miscasting Swiftness (8 damage)
             ... on level 5 of the Dungeon.
             The game lasted 00:03:45 (8240 turns).

Xavori the Trooper (Djinni Chaos Knight)            Turns: 8240, Time: 00:03:46

HP:   -7/51 (58)    AC:  9    Str:  9    XL:     8   Next: 12%
Gold: 450           EV: 13    Int: 14    God:    Xom [....*.] SH:  0 Dex: 15

rFire   + + .        a - +0 falchion (chaos)
rCold   x . .        (no shield)
rNeg    . . .        b - +2 leather armour
rPois   ∞            (helmet restricted)
rElec   .            (no cloak)
rCorr   .            m - +1 Delatra's gloves {ID++}
SInv    .            (boots unavailable)
Will    +....        (no amulet)
Stlth   +            (no ring)
HPRegen 0.28/turn    (no ring)
MPRegen 0.00/turn

%: infuse magic (-8 HP)
@: flying, very slightly contaminated, heavily drained
A: sickness immunity, fire resistance 2, cold vulnerability 1, float, innate
caster, HP casting, extra vitality 1, horns 1, iridescent scales 1,
strong-willed 1, weak 1
a: Renounce Religion


You were on level 5 of the Dungeon.
You worshipped Xom.
You were a beloved toy of Xom.
You visited 1 branch of the dungeon, and saw 5 of its levels.

You collected 450 gold pieces.

Inventory:

Hand Weapons
 a - a +0 falchion of chaos (weapon)
Armour
 b - a +2 leather armour (worn)
 l - a +0 pair of gloves
 m - the +1 Delatra's gloves (worn) {ID++}
   (You found it on level 4 of the Dungeon)

   ID++:      It heals its wearer when they drink unknown potions, and restores
   their MP when they read unknown scrolls.
Scrolls
 c - a scroll of butterflies
 e - a scroll of teleportation {unknown}
 h - 2 scrolls of identify
Potions
 d - 4 potions of curing
 f - a potion of degeneration {unknown}
 g - a potion of enlightenment {unknown}
 i - a potion of might {unknown}
 j - a potion of brilliance {unknown}
 k - a potion of berserk rage {unknown}
 o - a potion of attraction {unknown}
 p - a potion of resistance {unknown}
Miscellaneous
 n - a sack of spiders


   Skills:
 + Level 4.5 Fighting
 + Level 4.1 Long Blades
 + Level 3.3 Armour
 + Level 4.2 Dodging
 * Level 3.0 Spellcasting
 * Level 3.0 Conjurations
 * Level 3.0 Hexes
   Level 0.0 Charms
 * Level 3.0 Summonings
 * Level 3.0 Necromancy
 * Level 3.0 Translocations
 * Level 3.0 Transmutations
 * Level 3.0 Fire Magic
 * Level 3.0 Ice Magic
 * Level 3.0 Air Magic
 * Level 3.0 Earth Magic
 * Level 3.0 Poison Magic
 + Level 2.2 Evocations


You knew the following spells:

 Your Spells              Type           Power      Damage    Failure   Level
a - Kiss of Death         Conj/Necr      40%        2d8       9%          1
b - Ensorcelled Hibernat  Hex/Ice        20%        N/A       13%         2
c - Swiftness             Air            10%        N/A       26%         3
Your spell library was empty.

Dungeon Overview and Level Annotations

Branches:
Dungeon (5/15)
 Temple: D:4-7

Altars:
Gozag
Xom

Shops:
D:3 [

Annotations:
D:3 2 transporters, pokeman's ghost, weakling DEHW
D:5 3 runed translucent doors, Naiya55's ghost, amateur NaIE


Innate Abilities, Weirdness & Mutations

You are immune to sickness and miasma.
You are immune to poison.
Your flesh is very heat resistant. (rF++)
You are vulnerable to cold. (rC-)
You float through the air rather than walking.
You learn spells naturally, not from books.
Your magical power is your life essence.
You have superior vitality. (+4 MHP)
You have a pair of small horns on your head.
You are partially covered in iridescent scales. (AC +2)
You are strong-willed. (Will+)
You are weak. (Str -2)


Message History

Your surroundings suddenly seem different.
Found 12 gold pieces.
Found a stone staircase leading up.
Your surroundings suddenly seem different.
Unknown command.
Unknown command.
An ogre comes into view. It is wielding a +0 giant club.
An ogre is nearby!
The ogre shouts!
An ogre is nearby!
An ogre is nearby!
You hit the ogre.
The ogre suddenly seems more agile.
Your headbutt misses the ogre.
The ogre is lightly wounded.
The ogre completely misses you.
You closely miss the ogre.
The ogre is lightly wounded.
The ogre closely misses you.
You hit the ogre. You burn the ogre.
The ogre is lightly wounded.
The ogre barely misses you.
You slash the ogre!
The ogre resists with some effort.
The ogre is heavily wounded.
You hit the ogre but do no damage.
The ogre is poisoned.
You headbutt the ogre.
The ogre is heavily wounded.
The ogre hits you with a +0 giant club!
You completely miss the ogre.
The ogre is heavily wounded.
The ogre hits you with a +0 giant club.
You closely miss the ogre.
The ogre is severely wounded.
The ogre hits you with a +0 giant club!!
Ouch! That really hurt!
* * * LOW HITPOINT WARNING * * *
Casting: Ensorcelled Hibernation (safe; 13% risk of failure)
Confirm with . or Enter, or press ? or * to list all spells.
You miscast Swiftness.
You are very lightly contaminated with residual magic.
Electricity courses through your body!
You die...
Xom cackles wildly!

#.......#..##.#............
#.........###.#####......#..
.##.......#####............#.#
................[.............
#................##.........
#........###......#.#.......
##########.#.###..(...#.#.#.....
#.......##.#..=.........#.......
#.......##.....@......###.......
#.............O...##### #.......
#.................# #...#.#.
######.......##.### #...< ..
#.......##... #..### #
#.......###### #... ####.......#
...# #............ .###
#.########### #...#


You could see an ogre (agile, very poisoned).

Vanquished Creatures
  A swamp drake (D:4)
  2 black bears (D:4)
  A phantom (D:5)
  2 scorpions (D:5)
  A howler monkey (D:5)
  A hound (D:4)
  An iguana (D:5)
  A sleepcap (D:5)
  An orc wizard (D:5)
  4 adders
  2 worms (D:3)
  3 dart slugs
  5 orcs
  5 endoplasms
  5 giant cockroaches
  5 goblins
  4 hobgoblins
  3 jackals (D:3)
  6 kobolds
  2 quokkas (D:4)
  7 ball pythons
  9 bats
  A dart slug zombie (D:4)
  3 frilled lizards
  9 rats
84 creatures vanquished.

Vanquished Creatures (collateral kills)
  A jelly (D:5)
  A sleepcap (D:5)
  An iguana (D:5)
3 creatures vanquished.

Grand Total: 87 creatures vanquished

Notes
Turn   | Place    | Note
-------+----------+-------------------------------------------
     0 | D:1      | Xavori the Djinni Chaos Knight began the quest for the Orb.
     0 | D:1      | Reached XP level 1. HP: 20/20 MP: 0/0
    46 | D:1      | Reached XP level 2. HP: 23/25 MP: 0/0
   149 | D:1      | XOM: silly message
   199 | D:1      | Reached XP level 3. HP: 30/30 MP: 0/0
   199 | D:1      | Learned a level 1 spell: Kiss of Death
   254 | D:1      | XOM: divination: detect items
   781 | D:1      | XOM: silly message
  1341 | D:1      | XOM: silly message
  1573 | D:1      | XOM: divination: detect items
  1639 | D:1      | XOM: noise
  1761 | D:1      | XOM: noise
  2291 | D:1      | XOM: silly message
  2704 | D:1      | XOM: divination: magic mapping
  3166 | D:1      | XOM: scenery: 1 doors open, 2 doors close
  3902 | D:1      | XOM: silly message
  4769 | D:1      | XOM: silly message
  5344 | D:1      | XOM: give mutations
  5344 | D:1      | Gained mutation: You are robust. (+10% HP) [Xom's grace]
  5344 | D:1      | Gained mutation: You have a pair of small horns on your
                  | head. [Xom's grace]
  5344 | D:1      | Gained mutation: You are strong-willed. (Will+) [Xom's
                  | grace]
  5481 | D:2      | Found a shimmering altar of Xom.
  5604 | D:2      | XOM: give mutation
  5814 | D:2      | XOM is BORED!
  5814 | D:2      | XOM: summons 1 hostile shadow creature
  6008 | D:3      | Reached skill level 1 in Spellcasting
  6008 | D:3      | Reached skill level 1 in Conjurations
  6008 | D:3      | Reached skill level 1 in Hexes
  6008 | D:3      | Reached skill level 1 in Summonings
  6008 | D:3      | Reached skill level 1 in Necromancy
  6008 | D:3      | Reached skill level 1 in Translocations
  6008 | D:3      | Reached skill level 1 in Transmutations
  6008 | D:3      | Reached skill level 1 in Fire Magic
  6008 | D:3      | Reached skill level 1 in Ice Magic
  6008 | D:3      | Reached skill level 1 in Air Magic
  6008 | D:3      | Reached skill level 1 in Earth Magic
  6008 | D:3      | Reached skill level 1 in Poison Magic
  6076 | D:3      | Found a transporter.
  6079 | D:3      | Noticed pokeman's ghost (weakling DEHW)
  6080 | D:3      | Found a transporter.
  6080 | D:3      | Noticed an ogre
  6083 | D:3      | Reached XP level 4. HP: 38/38 MP: 0/0
  6149 | D:3      | XOM: 1-stop teleportation journey
  6534 | D:3      | Found Nohaad's Armour Boutique.
  6818 | D:4      | Identified the +3 quarterstaff "Boofraem" {drain, Fragile
                  | rPois Dex+4 SInv}
  6832 | D:4      | Found the +1 Delatra's gloves {ID++}
  6836 | D:4      | XOM: give mutations
  6836 | D:4      | Gained mutation: You are dopey. (Int -2) [Xom's mischief]
  6836 | D:4      | Gained mutation: You are partially covered in iridescent
                  | scales. (AC +2) [Xom's mischief]
  6836 | D:4      | Gained mutation: You are weak. (Str -2) [Xom's mischief]
  6951 | D:4      | Noticed a black bear
  6961 | D:4      | XOM: butterfly on damage
  6963 | D:4      | Killed a black bear
  6964 | D:4      | Reached XP level 5. HP: 20/45 MP: 0/0
  6964 | D:4      | Learned a level 2 spell: Ensorcelled Hibernation
  7012 | D:4      | XOM: god gift: sack of spiders
  7048 | D:4      | XOM: scenery: create altars
  7184 | D:4      | Noticed an orc warrior
  7187 | D:4      | XOM: confuse monster(s)
  7187 | D:4      | Noticed a black bear
  7189 | D:4      | XOM: enchant monster (bad)
  7195 | D:4      | Reached XP level 6. HP: 51/51 MP: 0/0
  7204 | D:4      | XOM: fog
  7211 | D:4      | an orc warrior changed into a swamp drake
  7211 | D:4      | Noticed a swamp drake
  7211 | D:4      | XOM: polymorph orc warrior -> swamp drake
  7221 | D:4      | Killed a swamp drake
  7223 | D:4      | Killed a black bear
  7224 | D:4      | Reached skill level 1 in Evocations
  7436 | D:4      | XOM: give mutation
  7436 | D:4      | Lost mutation: You are robust. (+10% HP) [Xom's mischief]
  7512 | D:4      | XOM: give mutation
  7512 | D:4      | Lost mutation: You are dopey. (Int -2) [Xom's mischief]
  7520 | D:4      | Reached XP level 7. HP: 41/52 MP: 0/0
  7520 | D:4      | Learned a level 3 spell: Swiftness
  7601 | D:5      | Entered Level 5 of the Dungeon
  7601 | D:5      | Found a runed translucent gate.
  7601 | D:5      | Found a runed translucent gate.
  7601 | D:5      | Found a runed translucent gate.
  7601 | D:5      | Found an opulent altar of Gozag.
  7605 | D:5      | Noticed a troll
  7605 | D:5      | Noticed Naiya55's ghost (amateur NaIE)
  7934 | D:5      | XOM: cast spell 'Call Canine Familiar'
  7939 | D:5      | XOM: god gift: scroll labelled SAJERGH QANIU {god gift}
  8088 | D:5      | XOM: noise
  8094 | D:5      | Reached XP level 8. HP: 41/58 MP: 0/0
  8103 | D:5      | XOM: draining
  8184 | D:5      | XOM: scenery: create altars
  8227 | D:5      | XOM: 3-stop teleportation journey
  8240 | D:5      | Killed by miscasting Swiftness

Illustrated notes

Levels and vault maps discovered:
D:1:      denvon_arrival_waterhouse, layout_basic
D:2:      layout_basic, basic_altar
D:3:      layout_basic, gammafunk_ghost_arena, serial_shops,
          nicolae_shop_pleasant_corner_grove
D:4:      layout_basic, amcnicky_mini_rare_corridor_liquid
D:5:      kennysheep_six_static_rooms, layout_basic, nemelex_altar_shiori,
          ebering_ghost_gozag, st_stairs_6, roderic_lattice_a

Skill      XL: |  1  2  3  4  5  6  7  8 |
---------------+-------------------------+-----
Long Blades    | 3 4 |  4.1
Spellcasting   | 1 2 3 |  3.0
Conjurations   | 1 2 3 |  3.0
Hexes          | 1 2 3 |  3.0
Summonings     | 1 2 3 |  3.0
Necromancy     | 1 2 3 |  3.0
Translocations | 1 2 3 |  3.0
Transmutations | 1 2 3 |  3.0
Fire Magic     | 1 2 3 |  3.0
Ice Magic      | 1 2 3 |  3.0
Air Magic      | 1 2 3 |  3.0
Earth Magic    | 1 2 3 |  3.0
Poison Magic   | 1 2 3 |  3.0
Armour         | 2 3 |  3.3
Dodging        | 3 4 |  4.2
Fighting       | 4 |  4.5
Evocations     | 1 2 |  2.2

Action                     |  1- 3 |  4- 6 |  7- 9 || total
---------------------------+-------+-------+-------++-------
  Melee: Falchion          |    84 |    93 |    80 ||   257
         Headbutt          |     1 |    15 |    13 ||    29
         Punch             |       |       |     1 ||     1
   Cast: Ensorcelled Hiber |       |     4 |       ||     4
  Evoke: Sack of spiders   |       |       |     1 ||     1
    Use: Potion            |       |     1 |       ||     1
         Scroll            |       |       |     1 ||     1
   Stab: Sleeping          |     1 |       |       ||     1
 Armour: Leather armour    |    48 |    75 |    63 ||   186
  Dodge: Dodged            |    59 |    60 |    35 ||   154

Table legend: (Time is in decaauts)
 A = Elapsed time spent in this place.
 B = Non-inter-level travel time spent in this place.
 C = Inter-level travel time spent in this place.
 D = Time resting spent in this place.
 E = Time spent auto-exploring this place.
 F = Levels seen in this place.
 G = Mean time per level.
                   A        B        C        D        E       F      G
               +--------+--------+--------+--------+--------+-----+--------+
         Total |   8274 |   8187 |     87 |   4838 |   2709 |   5 | 1654.8 |
       Dungeon |   8274 |   8187 |     87 |   4838 |   2709 |   5 | 1654.8 |
               +--------+--------+--------+--------+--------+-----+--------+

Top non-repeatable levels by time:
     D:1: 5462 daAuts
     D:4: 833 daAuts
     D:3: 778 daAuts
     D:5: 647 daAuts
     D:2: 552 daAuts
